 Dungeon Crawl Stone Soup version 0.23-a0-448-g1c01f63 (webtiles) character file.

310 GizzardofKazz the Shield-Bearer (level 6, -1/70 HPs)
             Began as a Formicid Fighter on Nov 19, 2018.
             Slain by an ogre
             ... wielding a +0 giant club
              (17 damage)
             ... on level 4 of the Dungeon.
             The game lasted 00:06:03 (2743 turns).

GizzardofKazz the Shield-Bearer (Formicid Fighter)  Turns: 2743, Time: 00:06:05

Health: -1/70      AC: 23    Str: 22    XL:     6   Next: 70%
Magic:  6/6        EV:  2    Int:  8    God:
Gold:   134        SH: 10    Dex: 10    Spells: 5/5 levels left

rFire    . . .     SeeInvis .   a - +0 war axe
rCold    . . .     Gourm    .   c - +0 shield
rNeg     + + +     Faith    .   (armour currently unavailable)
rPois    +         Spirit   .   (helmet unavailable)
rElec    .         Reflect  .   (cloak currently unavailable)
rCorr    .         Harm     .   (gloves currently unavailable)
MR       .....                  (boots currently unavailable)
Stlth    +.........             (no amulet)
HPRegen  0.21/turn              (no ring)
MPRegen  0.10/turn              (no ring)

@: tree-form
A: permanent stasis, dig shafts and tunnels, four strong arms
a: no special abilities


You were on level 4 of the Dungeon.
You were not hungry.
You were a tree.
You visited 1 branch of the dungeon, and saw 4 of its levels.

You collected 134 gold pieces.

Inventory:

Hand Weapons
 a - a +0 war axe (weapon)
Missiles
 q - a throwing net (quivered)
Armour
 b - a +0 scale mail (melded)
 c - a +0 shield (worn)
 l - a +0 pair of boots (melded)
 r - a +2 cloak (melded)
Wands
 m - a wand of digging (6)
Scrolls
 g - 2 scrolls of teleportation {unknown}
 h - 3 scrolls of magic mapping {unknown}
 j - 5 scrolls of identify {unknown}
 n - a scroll of enchant weapon {unknown}
 o - 3 scrolls of remove curse
 u - a scroll of blinking {unknown}
 v - a scroll of enchant armour {unknown}
 w - a scroll of immolation {unknown}
Potions
 d - 2 potions of might
 e - 2 potions of degeneration {unknown}
 k - a potion of experience {unknown}
 p - a potion of lignification
 s - 2 potions of flight {unknown}
 t - 2 potions of brilliance {unknown}
Comestibles
 f - 4 rations


   Skills:
 - Level 3.2 Fighting
 + Level 4.8 Axes
 - Level 3.2 Armour
 + Level 6.4 Shields


You had 5 spell levels left.
You didn't know any spells.
Your spell library contained the following spells:

 Spells                   Type           Power        Failure   Level  Hunger
 Animate Skeleton         Necr           N/A          58%         1    ##.....
 Pain                     Necr           #...         58%         1    ##.....
 Regeneration             Chrm/Necr      #.........   92%         3    ####...
 Vampiric Draining        Necr           #.........   92%         3    ####...
 Animate Dead             Necr           N/A          100%        4    #####..


Dungeon Overview and Level Annotations

Branches:
Dungeon (4/15)
 Temple: D:4-7

Altars:
Makhleb
Qazlal


Innate Abilities, Weirdness & Mutations

You cannot be hasted, slowed, berserked, paralysed or teleported.
You can dig through walls and to a lower floor.
Your four strong arms can wield two-handed weapons with a shield.
((You have a pair of large antennae on your head. (SInv)))


Message History

The ogre is severely wounded.
You hit the worker ant but do no damage.
You slash the orc!
You kill the orc!
You block the worker ant's attack. The ogre barely misses you.
It was a potion of lignification.
You turn into a tree.
Your +2 cloak melds into your body.
Your +0 pair of boots melds into your body.
Your +0 scale mail melds into your body.
Your roots penetrate the ground.
You block the worker ant's attack. The ogre barely misses you.
You block the worker ant's attack.
Okay, then.
Okay, then.
You hit the ogre.
The ogre is severely wounded.
Your shield prevents you from hitting the worker ant.
You block the worker ant's attack.
The orc wizard gestures wildly while chanting.
The orc wizard blinks!
The ogre hits you with a +0 giant club!
You die...

#...... #..
....... .#..
....... ##...
.......##....
........#..#
...........#
........(..##
......)♣....#
....o.[Oa...#
...............
.......§..#....
....#..o... ...
..).#......# ..
... #......# .
.. #.....##


You could see an ogre, a worker ant, an orc wizard and an orc.

Vanquished Creatures
  Eustachio (D:3)
  An orc priest (D:2)
  Crazy Yiuf (D:2)
  3 gnolls (D:3)
  2 adders (D:2)
  A worm (D:2)
  5 dart slugs
  5 orcs
  2 ball pythons (D:1)
  5 bats
  3 giant cockroaches
  4 hobgoblins
  2 jackals (D:2)
  A quokka (D:2)
  A frilled lizard (D:3)
  5 goblins
  5 kobolds
  5 rats
  2 fungi (D:2)
54 creatures vanquished.

Notes
Turn   | Place    | Note
-------+----------+-------------------------------------------
     0 | D:1      | GizzardofKazz the Formicid Fighter began the quest for the
                  | Orb.
     0 | D:1      | Reached XP level 1. HP: 18/18 MP: 1/1
   114 | D:1      | Reached skill level 4 in Shields
   114 | D:1      | Reached XP level 2. HP: 24/24 MP: 2/2
   374 | D:1      | Reached XP level 3. HP: 26/29 MP: 3/3
   956 | D:2      | Reached skill level 5 in Shields
   956 | D:2      | Reached XP level 4. HP: 34/35 MP: 4/4
  1088 | D:2      | Reached XP level 5. HP: 17/41 MP: 5/5
  1516 | D:2      | Found a faded altar of an unknown god.
  1671 | D:2      | Found a runed door.
  1675 | D:2      | Noticed Crazy Yiuf
  1688 | D:2      | Killed Crazy Yiuf
  2192 | D:3      | Found a burning altar of Makhleb.
  2202 | D:3      | Found a stormy altar of Qazlal.
  2460 | D:4      | Noticed Eustachio
  2462 | D:4      | Noticed an ogre
  2489 | D:3      | Killed Eustachio
  2489 | D:3      | Reached skill level 6 in Shields
  2489 | D:3      | Reached XP level 6. HP: 10/47 MP: 6/6
  2743 | D:4      | Slain by an ogre

Vault maps used:
D:1:      lemuel_arrival_broad_hall, hangedman_abyss_or_decor_lesser_grid,
          minmay_misc_feat_five, chequers_serial_rivers_micro_e,
          minmay_pentomino_r2
D:2:      chequers_ecumenical_altar_island, first_ration,
          uniq_crazy_yiuf_cottage
D:3:      bloody_makhleb, grunt_qazlal_clouds
D:4:      grunt_temple_overflow_cloverleaf, serial_shops, shop, uniq_natasha,
          uniq_eustachio, uniq_pikel

Skill      XL: |  1  2  3  4  5 |
---------------+----------------+-----
Shields        | 4 5 6 |  6.4
Axes           | 3 4 |  4.8
Fighting       | |  3.2
Armour         | |  3.2

Action                   |  1- 3 |  4- 6 || total
-------------------------+-------+-------++-------
Melee: War axe           |    91 |   128 ||   219
  Use: Scroll            |     2 |       ||     2
       Potion            |       |     1 ||     1
  Eat: Chunk             |       |     4 ||     4
       Ration            |       |     1 ||     1
Armor: Scale mail        |    48 |    57 ||   105
Dodge: Dodged            |    24 |    57 ||    81
Block: Shield            |    65 |    82 ||   147

Table legend:
 A = Non-vault XP
 B = Vault XP
 C = Vault XP percentage of total XP
 D = Non-vault monster count
 E = Vault monster count
 F = Vault count percentage of total count
                 A         B        C        D         E       F
            +---------+---------+-------+---------+---------+-------
      Total |     201 |     243 |  54.7 |      48 |       4 |   7.7
            +---------+---------+-------+---------+---------+-------
        D:1 |      31 |       4 |  11.4 |      15 |       2 |  11.8
        D:2 |     112 |      42 |  27.3 |      23 |       1 |   4.2
        D:3 |      49 |     197 |  80.1 |       7 |       1 |  12.5
        D:4 |       9 |       0 |   0.0 |       3 |       0 |   0.0
            +---------+---------+-------+---------+---------+-------
